 Dungeon Crawl Stone Soup version 0.28.0-53-g5a82cb258f (webtiles) character file.

Game seed: 9495012248737594051

159 MiltankisOP the Insei (level 5, -2/36 HPs)
             Began as an Octopode Monk on July 13, 2022.
             Slain by Crazy Yiuf
             ... wielding a +2 quarterstaff of chaos
              (12 damage)
             ... on level 3 of the Dungeon.
             The game lasted 00:03:49 (3974 turns).

MiltankisOP the Insei (Octopode Monk)               Turns: 3974, Time: 00:03:50

Health: -2/36      AC:  1    Str: 10    XL:     5   Next: 40%
Magic:  5/5        EV: 15    Int: 13    God:
Gold:   160        SH:  0    Dex: 16    Spells: 4/4 levels left

rFire   . . .      SeeInvis .     - Unarmed
rCold   . . .      Faith    .   (no shield)
rNeg    . . .      Spirit   .   (helmet restricted)
rPois   .          Reflect  .   (no amulet)
rElec   .          Harm     .   (no ring)
rCorr   .          Rampage  .   (no ring)
Will    .....                   (no ring)
Stlth   +++.......              (no ring)
HPRegen 0.12/turn               (no ring)
MPRegen 0.09/turn               (no ring)
                                (no ring)
                                (no ring)

@: no status effects
A: almost no armour, amphibious, 8 rings, camouflage 1, gelatinous body 1,
(nimble swimmer 1), tentacles
a: no special abilities


You were on level 3 of the Dungeon.
You visited 1 branch of the dungeon, and saw 3 of its levels.

You collected 160 gold pieces.

Inventory:

Jewellery
 k - a +4 ring of evasion
 m - a ring of flight
Scrolls
 b - 2 scrolls of immolation {unknown}
 c - a scroll of amnesia {unknown}
 d - a scroll of torment {unknown}
 f - 2 scrolls of noise {unknown}
 h - a scroll of vulnerability {unknown}
 j - 3 scrolls of identify {unknown}
 l - a scroll of summoning {unknown}
Potions
 a - a potion of brilliance {unknown}
 e - 4 potions of curing {unknown}
 g - a potion of might {unknown}
 i - a potion of magic {unknown}


   Skills:
 - Level 3.0 Fighting
 + Level 4.6 Dodging
 - Level 2.7 Stealth
 + Level 4.6 Unarmed Combat


You had 4 spell levels left.
You didn't know any spells.
Your spell library contained the following spells:

 Spells                   Type           Power      Damage    Failure   Level
 Slow                     Hex            0%         N/A       30%         1
 Confusing Touch          Hex            0%         N/A       67%         3
 Vampiric Draining        Necr           0%         2d6       67%         3


Dungeon Overview and Level Annotations

Branches:
Dungeon (3/15)

Altars:
Sif Muna
Trog

Annotations:
D:3 exclusion: ogre, Crazy Yiuf


Innate Abilities, Weirdness & Mutations

You cannot wear most types of armour.
You are amphibious.
You can wear up to eight rings at the same time.
Your skin changes colour to match your surroundings (Stealth+).
Your rubbery body absorbs attacks. (AC +1, EV +1)
((You are camouflaged when in or above water. (Stealth+)))
You have tentacles for arms and can constrict up to eight enemies at once.


Message History

You open the door.
Found 25 stones.
Found a bloodstained altar of Trog.
There is an open door here.
You see here a +0 dagger.
There is a stone staircase leading up here.
A bat comes into view.
A bat is nearby!
You tentacle-slap the bat.
You kill the bat!
No target in view!
No target in view!
You see here a bat corpse.
You see here a bat corpse.
There is an escape hatch in the floor here.
You open the door. You closely miss Crazy Yiuf. You grab Crazy Yiuf.
You tentacle-slap Crazy Yiuf.
Crazy Yiuf is lightly wounded.
You constrict Crazy Yiuf.
Crazy Yiuf drinks a potion.
Crazy Yiuf seems to speed up.
You tentacle-slap Crazy Yiuf but do no damage.
Crazy Yiuf is moderately wounded.
You constrict Crazy Yiuf.
Crazy Yiuf hits you with a +2 quarterstaff of chaos!
Crazy Yiuf burns you.
You tentacle-slap Crazy Yiuf but do no damage.
Crazy Yiuf is moderately wounded.
You constrict Crazy Yiuf. Crazy Yiuf barely misses you.
Crazy Yiuf hits you with a +2 quarterstaff of chaos!
* * * LOW HITPOINT WARNING * * *
You blink.
You lose your grip on Crazy Yiuf.
You tentacle-slap Crazy Yiuf. You grab Crazy Yiuf.
You tentacle-slap Crazy Yiuf.
Crazy Yiuf is severely wounded.
You constrict Crazy Yiuf. Crazy Yiuf barely misses you.
You barely miss Crazy Yiuf. You tentacle-slap Crazy Yiuf.
Your squeeze misses Crazy Yiuf.
Crazy Yiuf is severely wounded.
You constrict Crazy Yiuf.
Crazy Yiuf hits you with a +2 quarterstaff of chaos!
You die...

.# ######## ... .###
#..†.).# #'# ...#
#.###### ♣♣g♣
...###)# ♣.♣♣
_......# ♣♣.♣
....#### ♣.♣♣ ....#
♣♣.♣♣ ....# ♣.g.♣♣
.#### ♣.@..♣ )#
#....# .# ##....#
.#############.....#
..................##
###################


You could see Crazy Yiuf (fast).

Vanquished Creatures
  Terence (D:3)
  Robin (D:2)
  4 adders
  2 worms (D:2)
  A dart slug (D:3)
  2 orcs
  A bat zombie (D:2)
  6 endoplasms
  A giant cockroach (D:2)
  15 goblins
  9 hobgoblins
  A quokka (D:1)
  9 ball pythons
  A ball python skeleton (D:2)
  4 bats
  A frilled lizard (D:1)
  7 kobolds
  A quokka skeleton (D:2)
  A quokka zombie (D:2)
  6 rats
74 creatures vanquished.

Vanquished Creatures (others)
  4 withered plants (D:2)
4 creatures vanquished.

Grand Total: 78 creatures vanquished

Notes
Turn   | Place    | Note
-------+----------+-------------------------------------------
     0 | D:1      | MiltankisOP the Octopode Monk began the quest for the Orb.
     0 | D:1      | Reached XP level 1. HP: 16/16 MP: 1/1
   224 | D:1      | Reached XP level 2. HP: 21/21 MP: 2/2
   252 | D:1      | Found a faded altar of an unknown god.
  1182 | D:2      | Reached XP level 3. HP: 26/26 MP: 3/3
  2062 | D:2      | Reached XP level 4. HP: 23/31 MP: 4/4
  2420 | D:2      | Noticed Robin
  2428 | D:2      | Killed Robin
  3179 | D:3      | Reached XP level 5. HP: 33/36 MP: 5/5
  3452 | D:3      | Noticed an ogre
  3570 | D:3      | Found a shimmering blue altar of Sif Muna.
  3570 | D:3      | Noticed Terence
  3581 | D:3      | Killed Terence
  3730 | D:3      | Found a runed translucent door.
  3731 | D:3      | Noticed Crazy Yiuf
  3802 | D:3      | Found a bloodstained altar of Trog.
  3974 | D:3      | Slain by Crazy Yiuf

Illustrated notes

Levels and vault maps discovered:
D:1:      onia_arrival_handbag, layout_basic, chequers_ecumenical_altar_simple,
          roderic_serpentine_path
D:2:      minmay_wonky_spiral, layout_basic, serial_undead, serial_undead_b,
          serial_undead_a, serial_undead_f, serial_undead_b, uniq_robin
D:3:      layout_loops_ring, nicolae_overflow_crystal_walls,
          lightli_temple_of_fire, uniq_crazy_yiuf_cottage, uniq_terence

Skill      XL: |  1  2  3  4 |
---------------+-------------+-----
Dodging        | 4 |  4.6
Unarmed Combat | 4 |  4.6
Fighting       | |  3.0
Stealth        | |  2.7

Action                   |  1- 3 |  4- 6 || total
-------------------------+-------+-------++-------
Melee: Unarmed           |    82 |    79 ||   161
       Constrict         |    21 |    19 ||    40
       Tentacles         |    15 |    16 ||    31
       Punch             |     3 |     4 ||     7
 Stab: Sleeping          |    16 |     2 ||    18
       Distracted        |     1 |     2 ||     3
Armor: Skin              |     3 |     2 ||     5
Dodge: Dodged            |    35 |    43 ||    78
